 Dungeon Crawl Stone Soup version 0.22.1-1-ga44c0e56f4 (webtiles) character file.

87110 Kristenmann the Peltast (level 16, -1/131 HPs)
             Began as a Formicid Fighter on Oct 10, 2018.
             Was the Champion of Wu Jian.
             Slain by a sea snake (8 damage)
             ... on level 2 of the Shoals.
             The game lasted 02:01:22 (27395 turns).

Kristenmann the Peltast (Formicid Fighter)         Turns: 27395, Time: 02:01:23

Health: -1/131     AC: 20    Str: 33    XL:     16   Next: 36%
Magic:  16/16      EV: 10    Int:  4    God:    Wu Jian [******]
Gold:   1407       SH: 18    Dex: 12    Spells: 15/15 levels left

rFire    + + +     SeeInvis +   y - +6 quarterstaff (chaos)
rCold    + . .     Gourm    .   c - +0 shield
rNeg     . . .     Faith    .   b - +1 plate armour "Cibruf" {rF++ Int-5 Dex+2} (curse)
rPois    .         Spirit   .   (helmet unavailable)
rElec    .         Reflect  +   j - scarf {rC+ rF+}
rCorr    +         Harm     .   H - +0 pair of gloves
MR       ++...     Clarity  +   u - +0 pair of boots
Stlth    ..........             R - +3 amulet of reflection
HPRegen  0.31/turn              n - ring of protection from magic
MPRegen  0.15/turn              K - ring of the Water Diviner {rCorr Str+6}

@: no status effects
A: permanent stasis, dig shafts and tunnels, four strong arms, antennae 3,
hooves 1, blurry vision 1, clarity
a: Dig, Shaft Self, Wall Jump, Serpent's Lash, Heavenly Storm, Renounce Religion


You were on level 2 of the Shoals.
You worshipped Wu Jian.
Wu Jian was exalted by your worship.
You were not hungry.

You visited 4 branches of the dungeon, and saw 22 of its levels.

You collected 2690 gold pieces.
You spent 1283 gold pieces at shops.

Inventory:

Hand Weapons
 a - a +0 long sword
 r - a +0 spear
 t - a +1 spear of piercing
 v - a +0 hunting sling
 y - a +6 quarterstaff of chaos (weapon)
 C - a +1 scythe of protection
Missiles
 q - 205 arrows
 w - 570 stones (quivered)
Armour
 b - the cursed +1 plate armour "Cibruf" (worn) {rF++ Int-5 Dex+2}
   (You bought it in a shop on level 11 of the Dungeon)

   It affects your intelligence (-5).
   It affects your dexterity (+2).
   It greatly protects you from fire.
   It has a curse placed upon it.
 c - a +0 shield (worn)
 j - a scarf of resistance (worn)
 l - a +0 ring mail
 u - a +0 pair of boots (worn)
 H - a +0 pair of gloves (worn)
 T - a +1 plate armour
Jewellery
 n - a ring of protection from magic (left hand)
 A - an uncursed ring of positive energy
 D - a +3 ring of evasion
 I - an uncursed ring of flight
 K - the ring of the Water Diviner (right hand) {rCorr Str+6}
   (You found it on level 8 of the Dungeon)

   [ring of resist corrosion]

   It affects your strength (+6).
 N - a +6 ring of protection
 R - a +3 amulet of reflection (around neck)
Wands
 e - a wand of enslavement (13)
 z - a wand of random effects (40)
 B - a wand of digging (13)
 E - a wand of flame (23)
 O - a wand of polymorph (12)
 P - a wand of paralysis (23)
 S - a wand of iceblast (16)
Scrolls
 g - a scroll of amnesia
 i - 9 scrolls of remove curse
 k - 2 scrolls of magic mapping {unknown}
 m - a scroll of blinking
 p - 7 scrolls of enchant armour
 x - 11 scrolls of identify
 V - a scroll of fog
Potions
 d - 6 potions of might
 h - 4 potions of magic
 o - 4 potions of flight
 s - 5 potions of haste
 F - a potion of brilliance
 G - 2 potions of heal wounds
 J - 4 potions of curing
 M - a potion of ambrosia {unknown}
 Q - 2 potions of agility
 U - a potion of mutation
Miscellaneous
 L - a lightning rod (4/4)
Comestibles
 f - 31 rations


   Skills:
 + Level 13.3 Fighting
 + Level 4.4 Long Blades
 + Level 15.1 Staves
 + Level 13.3 Armour
 - Level 3.9 Dodging
 + Level 7.0 Stealth
 + Level 15.9 Shields


You had 15 spell levels left.
You didn't know any spells.
Your spell library contained the following spells:

 Spells                   Type           Power        Failure   Level  Hunger
 Animate Skeleton         Necr           N/A          96%         1    ##.....
 Apportation              Tloc           #.....       96%         1    ##.....
 Confusing Touch          Hex            #.....       96%         1    ##.....
 Magic Dart               Conj           #...         96%         1    ##.....
 Summon Small Mammal      Summ           #...         96%         1    ##.....
 Call Imp                 Summ           #.......     99%         2    ###....
 Searing Ray              Conj           #.....       99%         2    ###....
 Call Canine Familiar     Summ           #.......     100%        3    ####...
 Confuse                  Hex            #.......     100%        3    ####...
 Dazzling Spray           Conj/Hex       #.....       100%        3    ####...
 Gell's Gravitas          Tloc           #.........   100%        3    ####...
 Summon Guardian Golem    Hex/Summ       #.......     100%        3    ####...
 Force Lance              Conj/Tloc      #.......     100%        4    #####..
 Fulminant Prism          Conj/Hex       #.........   100%        4    #####..
 Iskenderun's Mystic Bla  Conj           #.......     100%        4    #####..
 Petrify                  Tmut/Erth      #.......     100%        4    #####..
 Summon Ice Beast         Ice/Summ       #.......     100%        4    #####..
 Summon Lightning Spire   Summ/Air       #.......     100%        4    #####..
 Bolt of Magma            Conj/Fire/Erth #.........   100%        5    ######.
 Iskenderun's Battlesphe  Conj/Chrm      #.......     100%        5    ######.
 Metabolic Englaciation   Hex/Ice        #.........   100%        5    ######.
 Venom Bolt               Conj/Pois      #.........   100%        5    ######.
 Yara's Violent Unravell  Hex/Tmut       #.........   100%        5    ######.
 Iron Shot                Conj/Erth      #.........   100%        6    #######
 Orb of Destruction       Conj           #.........   100%        7    #######
 Spellforged Servitor     Conj/Summ      #.........   100%        7    #######


Dungeon Overview and Level Annotations

Branches:
Dungeon (12/15)            Temple (0/1) D:6            Lair (6/6) D:8
 Shoals (2/4) Lair:2       Spider (0/4) Lair:2        Slime (0/5) Lair:5
    Orc (2/2) D:10            Elf (0/3) Orc:2

Altars:
Elyvilon
Wu Jian
Xom
Jiyva

Shops:
D:10 %   D:11 [[*?   Orc:2 *[:=

Portals:
Trove: D:11 (give 2 scrolls of acquirement)

Annotations:
D:3 2 transporters, xpt754's ghost, amateur TrFi


Innate Abilities, Weirdness & Mutations

You cannot be hasted, slowed, berserked, paralysed or teleported.
You can dig through walls and to a lower floor.
Your four strong arms can wield two-handed weapons with a shield.
You have a pair of large antennae on your head. (SInv)
You have large cloven feet.
Scrolls take you a little longer to read.
You possess an exceptional clarity of mind.


Message History

You bludgeon the harpy!!
You kill the harpy!
The Council accepts your kill.
You spin and attack the merfolk siren repeatedly.
You sock the merfolk siren!
The merfolk siren's magic leaks into the air.
You feel uncomfortably cold.
The merfolk siren is moderately wounded.
Your unstable footing causes you to fumble your attack. x2
The merfolk avatar chants a haunting song.
You are unaffected.
The merfolk siren hits you with a trident!
* * * LOW HITPOINT WARNING * * *
The merfolk avatar chants a haunting song.
You are unaffected.
The merfolk siren falters for a moment.
You block the sea snake's attack.
You see here a dream sheep corpse.
The merfolk siren barely misses you. The sea snake bites you!
You die...

.≈≈≈.≈≈≈≈...≈≈≈≈≈≈≈≈
..%.≈..≈≈≈...≈≈≈≈≈≈≈≈
............≈≈≈≈≈≈≈≈≈
....≈≈.....≈≈≈≈≈≈≈≈≈
#...≈≈≈≈≈≈≈≈≈≈≈≈≈≈≈
#.≈..(≈≈m≈≈≈≈≈≈≈≈≈
###.≈......)≈..≈≈≈≈≈
#######...≈≈≈≈≈..†...≈≈≈≈≈
##........≈@S†≈...≈...≈≈≈≈≈
#>....<..((.†.m.....((.≈≈≈≈
......≈≈≈≈≈≈†....##.....≈≈≈≈
....≈.≈≈≈≈≈≈.#######....≈≈≈≈
##..≈.≈≈≈≈≈).# ##...≈≈≈≈
#..≈≈≈≈≈≈≈≈.# ....≈≈≈
#.≈≈≈≈≈≈≈≈≈.# #..≈≈≈≈
#..≈≈≈≈≈≈≈≈..[. .≈≈≈≈≈
$...≈≈≈≈≈≈≈..(. ....≈≈


You could see a merfolk avatar, a sea snake and a merfolk siren.

Vanquished Creatures
  Gastronok (Orc:1)
  Nessos (Lair:4)
  The ghost of soupsoups the Cleaver, a journeyman OpFi of Cheibriados (Lair:6)
  A minotaur (Lair:1)
  Snorg (Lair:3)
  A merfolk javelineer (Shoals:1)
  A merfolk impaler (Shoals:2)
  Harold (Orc:2)
  2 hydras
  An ice dragon (Lair:6)
  11 two-headed ogres
  A satyr (Shoals:2)
  2 ogre magi (Orc:2)
  7 death yaks
  The ghost of Fahesic the Unseen, a journeyman SpEn of Fedhas (Lair:1)
  5 sea snakes
  A glowing orange brain (Orc:2)
  2 deep trolls (Orc:2)
  5 harpies (Shoals:2)
  2 lindwurms (Lair:6)
  2 orc knights
  A manticore (Shoals:1)
  A wolf spider (Lair:6)
  5 fauns (Shoals:1)
  3 cyclopes
  3 oklob plants (Lair:5)
  2 merfolk sirens
  6 black mambas
  2 elephants (Lair:5)
  19 spiny frogs
  A water nymph (Shoals:1)
  5 torpor snails (Lair:6)
  A guardian serpent (Lair:6)
  A gargoyle (D:10)
  A rime drake (Lair:5)
  7 komodo dragons
  A guardian mummy (D:11)
  10 trolls
  2 jumping spiders (Lair:2)
  12 hornets
  7 merfolk
  2 wind drakes
  2 polar bears
  4 tyrant leeches (Lair:6)
  17 blink frogs
  6 dream sheep
  2 snapping turtles (Shoals:1)
  10 hippogriffs
  2 redbacks
  Sigmund (D:2)
  A vampire (D:9)
  20 yaks
  12 wyverns
  Grum (D:8)
  A steam dragon (D:9)
  A hungry ghost (D:7)
  4 wargs
  6 porcupines
  A swamp drake (D:10)
  23 orc warriors
  2 black bears
  21 water moccasins
  An ice beast (D:6)
  2 sky beasts
  24 ogres
  A phantom (D:5)
  A necrophage (D:7)
  A tengu (Lair:2)
  28 wolves
  14 crocodiles
  20 bullfrogs
  Blork the orc (D:5)
  3 scorpions
  18 killer bees
  3 wights (D:11)
  2 howler monkeys
  3 electric eels
  A centaur zombie (D:6)
  6 crimson imps
  A bullfrog zombie (D:10)
  A hound (shapeshifter) (Lair:4)
  21 orc priests
  6 jellies
  2 bullfrog skeletons (D:11)
  6 hounds
  Crazy Yiuf (D:3)
  A centaur skeleton (D:6)
  7 worker ants
  2 iguanas (D:4)
  18 orc wizards
  A killer bee zombie (D:7)
  A hound zombie (D:6)
  2 worker ant zombies
  11 adders
  20 gnolls
  A shadow imp (D:5)
  3 oozes (Lair:5)
  2 worms (D:2)
  2 dart slugs (D:1)
  5 leopard geckos
  An orc (shapeshifter) (D:3)
  81 orcs
  8 bats
  8 giant cockroaches
  12 goblins
  4 hobgoblins
  8 jackals
  A quokka (D:6)
  6 frilled lizards
  5 kobolds
  A leopard gecko skeleton (D:4)
  A quokka zombie (D:5)
  5 rats
  A plant (Lair:6)
664 creatures vanquished.

Vanquished Creatures (collateral kills)
  A blink frog (Lair:4)
1 creature vanquished.

Vanquished Creatures (others)
  2 cyclopes
  A komodo dragon (Lair:1)
  A guardian mummy (D:11)
  A hippogriff (D:11)
  A killer bee (D:8)
  An orc (Orc:1)
  13 fungi
  19 plants
39 creatures vanquished.

Grand Total: 704 creatures vanquished

Notes
Turn   | Place    | Note
-------+----------+-------------------------------------------
     0 | D:1      | Kristenmann the Formicid Fighter began the quest for the
                  | Orb.
     0 | D:1      | Reached XP level 1. HP: 18/18 MP: 1/1
    62 | D:1      | Reached XP level 2. HP: 24/24 MP: 2/2
   164 | D:1      | Reached XP level 3. HP: 24/29 MP: 3/3
   829 | D:2      | Reached XP level 4. HP: 20/37 MP: 4/4
  1661 | D:2      | Noticed Sigmund
  2039 | D:3      | Reached XP level 5. HP: 27/42 MP: 5/5
  2345 | D:3      | Noticed xpt754's ghost (amateur TrFi)
  2664 | D:3      | Reached XP level 6. HP: 40/49 MP: 6/6
  2764 | D:3      | Found a transporter.
  3090 | D:3      | Found a runed door.
  3096 | D:3      | Noticed Crazy Yiuf
  3107 | D:3      | Killed Crazy Yiuf
  3230 | D:3      | Found a transporter.
  3334 | D:3      | Reached skill level 1 in Dodging
  3534 | D:3      | Reached skill level 5 in Shields
  3687 | D:2      | Killed Sigmund
  3687 | D:2      | Reached skill level 5 in Fighting
  3687 | D:2      | Reached skill level 1 in Staves
  3687 | D:2      | Reached XP level 7. HP: 39/56 MP: 7/7
  4145 | D:4      | Reached XP level 8. HP: 19/62 MP: 8/8
  4837 | D:5      | Entered Level 5 of the Dungeon
  4960 | D:5      | Found an ornate altar of the Wu Jian Council.
  4974 | D:5      | Became a worshipper of the Wu Jian Council
  5247 | D:5      | Reached skill level 5 in Armour
  5247 | D:5      | Reached skill level 1 in Stealth
  5250 | D:5      | Found a shimmering altar of Xom.
  5255 | D:5      | Found a shimmering altar of Xom.
  5259 | D:5      | Found a shimmering altar of Xom.
  5284 | D:5      | Found a shimmering altar of Xom.
  5286 | D:5      | Found a shimmering altar of Xom.
  5504 | D:5      | Noticed Blork the orc
  5513 | D:5      | Killed Blork the orc
  5854 | D:6      | Reached skill level 5 in Staves
  6087 | D:6      | Reached XP level 9. HP: 44/68 MP: 9/9
  6225 | D:6      | Found a staircase to the Ecumenical Temple.
  6876 | D:6      | Reached * piety under Wu Jian
  7481 | D:7      | Found a white marble altar of Elyvilon.
  7548 | D:7      | Reached XP level 10. HP: 68/75 MP: 10/10
  8055 | D:8      | Noticed Grum
  8080 | D:8      | Killed Grum
  8428 | D:8      | Noticed a two-headed ogre
  8442 | D:8      | Killed a two-headed ogre
  8774 | D:8      | Got a translucent ivory ring
  9169 | D:8      | Reached ** piety under Wu Jian
  9341 | D:8      | Found a staircase to the Lair.
  9778 | D:9      | Noticed a two-headed ogre
  9834 | D:9      | Killed a two-headed ogre
  9834 | D:9      | Reached XP level 11. HP: 23/83 MP: 11/11
 10927 | D:10     | Entered Level 10 of the Dungeon
 11128 | D:10     | Found a staircase to the Orcish Mines.
 11140 | D:10     | Reached skill level 10 in Staves
 11591 | D:10     | Reached *** piety under Wu Jian
 12033 | D:10     | Found Niaczatu's Food Boutique.
 12046 | D:10     | Bought a ration for 55 gold pieces
 12046 | D:10     | Bought a ration for 55 gold pieces
 12046 | D:10     | Bought a ration for 55 gold pieces
 12046 | D:10     | Bought a ration for 55 gold pieces
 12046 | D:10     | Bought a ration for 55 gold pieces
 12156 | D:10     | Noticed a two-headed ogre
 12168 | D:10     | Killed a two-headed ogre
 13003 | D:11     | Identified the ring of the Water Diviner {rCorr Str+6} (You
                  | found it on level 8 of the Dungeon)
 13118 | D:11     | Noticed a cyclops
 13142 | D:11     | Killed a cyclops
 13273 | D:11     | Found Ynumiom's Assorted Antiques.
 13365 | D:11     | Found a portal to a secret trove of treasure.
 13441 | D:11     | Found Hixumini's Antique Armour Shoppe.
 13445 | D:11     | Found Bocrim's Magic Scroll Boutique.
 13445 | D:11     | Reached XP level 12. HP: 93/93 MP: 12/12
 13529 | D:11     | Noticed a two-headed ogre
 13533 | D:11     | Killed a two-headed ogre
 13542 | D:11     | Gained mutation: You have large cloven feet. [potion of
                  | mutation]
 13542 | D:11     | Gained mutation: Scrolls take you a little longer to read.
                  | [potion of mutation]
 13542 | D:11     | Gained mutation: You possess an exceptional clarity of
                  | mind. [potion of mutation]
 13554 | D:11     | Found Vikloc's Antique Armour Shop.
 13950 | D:12     | Noticed an unseen horror
 13957 | D:12     | Noticed a deep troll earth mage
 14043 | Orc:1    | Entered Level 1 of the Orcish Mines
 14064 | Orc:1    | Reached **** piety under Wu Jian
 14398 | Orc:2    | Entered Level 2 of the Orcish Mines
 14446 | Orc:2    | Reached skill level 10 in Shields
 14828 | Orc:2    | Found a staircase to the Elven Halls.
 14940 | Orc:2    | Noticed a two-headed ogre
 14941 | Orc:2    | Noticed a two-headed ogre
 14968 | Orc:1    | Killed a two-headed ogre
 15208 | Orc:1    | Noticed Gastronok
 15227 | Orc:1    | Killed Gastronok
 15544 | Orc:2    | Noticed a two-headed ogre
 15544 | Orc:2    | Noticed a two-headed ogre
 15551 | Orc:2    | Killed a two-headed ogre
 15554 | Orc:2    | Noticed a glowing orange brain
 15554 | Orc:2    | a two-headed ogre changed into a glowing orange brain
 15559 | Orc:2    | Killed a two-headed ogre
 15559 | Orc:2    | Reached skill level 10 in Armour
 15560 | Orc:2    | Killed a glowing orange brain
 15560 | Orc:2    | Reached XP level 13. HP: 49/103 MP: 13/13
 15771 | Orc:2    | Reached skill level 10 in Fighting
 16245 | Orc:2    | Reached ***** piety under Wu Jian
 16785 | Orc:2    | Found Izus's Book Shop.
 16785 | Orc:2    | Found Utaff's Assorted Antiques.
 16795 | Orc:2    | Found Koposubb's Jewellery Emporium.
 16806 | Orc:2    | Found Bigulo's Antique Armour Shop.
 16968 | Orc:1    | Noticed Harold
 16987 | Orc:2    | Killed Harold
 17637 | Orc:1    | You fall through a shaft!
 17867 | D:11     | Bought a jewelled plate armour for 1008 gold pieces
 17877 | D:11     | Identified the cursed +1 plate armour "Cibruf" {rF++ Int-5
                  | Dex+2} (You bought it in a shop on level 11 of the Dungeon)
 17934 | D:8      | You fall through a shaft!
 17996 | Lair:1   | Entered Level 1 of the Lair of Beasts
 18094 | Lair:1   | Found a runed gate.
 18095 | Lair:1   | Found a runed gate.
 18096 | Lair:1   | Found a runed gate.
 18100 | Lair:1   | Noticed a minotaur
 18101 | Lair:1   | Noticed Fahesic's ghost (journeyman SpEn)
 18381 | Lair:1   | Reached XP level 14. HP: 109/111 MP: 14/14
 19077 | Lair:2   | Reached skill level 5 in Stealth
 19360 | Lair:2   | Reached ****** piety under Wu Jian
 19405 | Lair:2   | Found a hole to the Spider Nest.
 19635 | Lair:2   | Found a staircase to the Shoals.
 20338 | Lair:3   | Noticed Snorg
 20346 | Lair:3   | Killed Snorg
 20739 | Lair:4   | Noticed Nessos
 20757 | Lair:4   | Killed Nessos
 22154 | Lair:5   | Reached XP level 15. HP: 116/120 MP: 15/15
 22163 | Lair:5   | You fall through a shaft!
 22163 | Lair:6   | Entered Level 6 of the Lair of Beasts
 22191 | Lair:6   | Found a runed door.
 22191 | Lair:6   | Noticed soupsoups's ghost (journeyman OpFi)
 22206 | Lair:6   | Killed soupsoups's ghost
 22824 | Lair:6   | Found a runed door.
 24134 | Lair:6   | Reached skill level 15 in Shields
 25462 | Lair:5   | Found a runed door.
 25463 | Lair:5   | Found a viscous altar of Jiyva.
 25621 | Lair:5   | Found a staircase to the Slime Pits.
 25846 | Lair:1   | Killed Fahesic's ghost
 25938 | Shoals:1 | Entered Level 1 of the Shoals
 26046 | Shoals:1 | Reached XP level 16. HP: 125/130 MP: 16/16
 26130 | Shoals:1 | Reached skill level 15 in Staves
 27393 | Shoals:2 | HP: 6/131 [merfolk siren/trident (11)]
 27395 | Shoals:2 | Slain by a sea snake

Skill      XL: |  1  2  3  4  5  6  7  8  9 10 11 12 13 14 15 16 |
---------------+-------------------------------------------------+-----
Shields        | 4 5 6 7 8 9 11 12 14 15 | 15.9
Long Blades    | 3 4 |  4.4
Fighting       | 4 5 6 7 8 9 10 11 13 | 13.3
Dodging        | 1 2 3 |  3.9
Armour         | 4 5 6 8 9 10 11 12 13 | 13.3
Staves         | 1 3 5 7 9 10 12 13 14 15 | 15.1
Stealth        | 1 2 3 4 5 6 7 |  7.0

Action                   |  1- 3 |  4- 6 |  7- 9 | 10-12 | 13-15 | 16-18 || total
-------------------------+-------+-------+-------+-------+-------+-------++-------
Melee: Long sword        |   112 |   177 |       |       |       |       ||   289
       Quarterstaff      |       |    37 |   302 |   705 |  1247 |   187 ||  2478
Invok: Lunge             |       |       |    22 |    36 |    60 |    10 ||   128
       Whirlwind         |       |       |       |    18 |    21 |     3 ||    42
       Wall Jump         |       |       |       |    15 |    15 |     3 ||    33
 Abil: Dig               |       |       |       |     3 |       |       ||     3
  Use: Scroll            |       |     2 |     2 |    11 |     6 |       ||    21
       Potion            |       |       |       |    11 |     1 |     3 ||    15
 Stab: Paralysed         |       |       |     5 |     5 |    17 |       ||    27
       Confused          |       |       |     1 |       |     4 |     1 ||     6
       Petrified         |       |       |     1 |       |     3 |       ||     4
       Petrifying        |       |       |       |     1 |     2 |       ||     3
  Eat: Chunk             |       |     5 |     2 |     7 |    11 |     1 ||    26
       Ration            |       |     1 |     4 |     6 |     7 |     1 ||    19
Armor: Scale mail        |    56 |    87 |    76 |    65 |       |       ||   284
       Plate armour      |       |       |       |    73 |   305 |    75 ||   453
Dodge: Dodged            |    43 |    81 |    64 |   184 |   221 |    59 ||   652
Block: Shield            |    66 |   141 |   117 |   401 |   722 |   166 ||  1613
       Reflection        |       |       |       |     8 |    19 |    20 ||    47
       Rpst.: Long sword |     8 |    22 |       |       |       |       ||    30
